 Dungeon Crawl Stone Soup version 0.28.0-53-g5a82cb258f (webtiles) character file.

Game seed: 17396174380370663808

8344 cbfl8 the Cleaver (level 11, -16/145 HPs)
             Began as a Minotaur Berserker on Sept 2, 2022.
             Was a Priest of Trog.
             Demolished by a skeletal warrior
             ... wielding a +0 scimitar of freezing
             ... led by a death knight
              (27 damage)
             ... on level 11 of the Dungeon.
             The game lasted 00:15:21 (13062 turns).

cbfl8 the Cleaver (Minotaur Berserker)             Turns: 13062, Time: 00:15:22

Health: -16/145    AC: 16    Str: 22    XL:     11   Next: 8%
Magic:  10/10      EV:  9    Int:  4    God:    Trog [***...]
Gold:   467        SH:  0    Dex: 14    Spells: 10/10 levels left

rFire   + . .      SeeInvis .   c - +3 broad axe (vorpal)
rCold   + . .      Faith    .   (no shield)
rNeg    . . .      Spirit   .   q - +0 plate armour
rPois   .          Reflect  .   (helmet restricted)
rElec   .          Harm     .   H - +0 cloak
rCorr   .          Rampage  .   h - +0 pair of gloves
Will    .....                   (no boots)
Stlth   ..........              (no amulet)
HPRegen 0.34/turn               e - ring of protection from fire
MPRegen 0.12/turn               v - ring of protection from cold

@: berserking (expiring), attractive, very quick
A: horns 2, retaliatory headbutt
a: Renounce Religion, Berserk, Trog's Hand


You were on level 11 of the Dungeon.
You worshipped Trog.
Trog was most pleased with you.
You visited 1 branch of the dungeon, and saw 11 of its levels.

You collected 500 gold pieces.
You spent 33 gold pieces at shops.

Inventory:

Hand Weapons
 c - a +3 vorpal broad axe (weapon)
Missiles
 i - 3 throwing nets
Armour
 h - a +0 pair of gloves (worn)
 q - a +0 plate armour (worn)
 H - a +0 cloak (worn)
Jewellery
 e - a ring of protection from fire (left hand)
 v - a ring of protection from cold (right hand)
 x - a ring of fire
Wands
 b - a wand of digging (2)
 n - a wand of flame (71) (quivered)
 G - a wand of charming (14)
Scrolls
 j - 3 scrolls of fog
 t - a scroll of enchant armour {unknown}
 u - 4 scrolls of immolation
 y - a scroll of noise
 C - a scroll of silence {unknown}
 E - 3 scrolls of vulnerability {unknown}
Potions
 a - 3 potions of cancellation
 d - 2 potions of resistance {unknown}
 f - a potion of invisibility {unknown}
 g - 3 potions of lignification {unknown}
 k - 2 potions of ambrosia
 l - 3 potions of degeneration {unknown}
 m - 3 potions of might
 o - a potion of heal wounds {unknown}
 p - a potion of berserk rage {unknown}
 r - a potion of attraction
 s - 4 potions of curing
 w - 2 potions of haste {unknown}
 z - 2 potions of brilliance {unknown}
 A - 2 potions of magic {unknown}
 B - a potion of mutation {unknown}
 F - 2 potions of flight {unknown}


   Skills:
 * Level 9.4 Fighting
 * Level 13.9 Axes
 + Level 8.3 Armour
 * Level 7.0 Dodging
 + Level 0.6 Stealth
 * Level 5.1 Evocations


You had 10 spell levels left.
You didn't know any spells.
Your spell library was empty.

Dungeon Overview and Level Annotations

Branches:
Dungeon (11/15)            Temple (0/1) D:6            Lair (0/6) D:10
    Orc (0/2) D:9

Altars:
Gozag
Hepliaklqana
Makhleb
Nemelex Xobeh
Sif Muna
Trog
Vehumet
Xom
The Shining One

Shops:
D:3 (   D:6 !   D:11 *[

Annotations:
D:6 1 runed translucent door, cbfl8's ghost, novice MiBe


Innate Abilities, Weirdness & Mutations

You have a pair of horns on your head.
You reflexively headbutt those who attack you in melee.


Message History

Your headbutt misses the freezing wraith.
The freezing wraith is severely damaged.
You slice the death knight!! You closely miss the skeletal warrior.
The death knight reflects your damage back at you!
Unknown command.
You are too injured to fight recklessly!
You slice the skeletal warrior!!
The skeletal warrior is severely damaged.
You hit the freezing wraith. You closely miss the death knight.
The death knight hits you with a +1 vampiric battleaxe!
The death knight draws strength from your wounds!
The freezing wraith barely misses you. You furiously retaliate!
You headbutt the freezing wraith.
You destroy the freezing wraith!
Trog accepts your kill. The skeletal warrior barely misses you.
Your Dodging skill increases to level 7!
You closely miss the skeletal warrior.
You headbutt the skeletal warrior, but do no damage.
The skeletal warrior is heavily damaged.
You closely miss the death knight. The death knight closely misses you.
Unknown command.
You hit the skeletal warrior.
The skeletal warrior is severely damaged.
You closely miss the death knight.
The skeletal warrior hits you with a +0 scimitar of freezing!!
* * * LOW HITPOINT WARNING * * *
The skeletal warrior freezes you.
* * * LOW HITPOINT WARNING * * *
You slash the skeletal warrior!
The skeletal warrior is almost destroyed.
You slash the death knight!
The death knight reflects your damage back at you!
* * * LOW HITPOINT WARNING * * *
The death knight's dark mirror aura disappears.
The death knight calls down the wrath of Yredelemnul upon you.
Your body is wracked with pain!
* * * LOW HITPOINT WARNING * * *
The skeletal warrior hits you with a +0 scimitar of freezing!!
You die...

.......................
.......................
###########+#....######
#....# #....# #....#
#....# #....#
#..##...@# #......pz#
.∩......W# ..###......
. #........ ...........
............
.............
........######


You could see a death knight, a skeletal warrior and a wraith.

Vanquished Creatures
  A phantasmal warrior (D:11)
  An oklob plant (D:10)
  A gargoyle (D:10)
  Joseph (D:7)
  Maggie (D:6)
  A freezing wraith (D:11)
  3 trolls
  Grinder (D:3)
  A shadow (D:10)
  3 wraiths (D:10)
  6 yaks (D:10)
  Duvessa (D:6)
  A water moccasin (D:6)
  5 orc warriors
  2 sky beasts
  4 black bears
  An ice beast (D:5)
  3 centaurs
  An ogre (D:4)
  2 kobold brigands
  A wyvern zombie (D:8)
  4 bullfrogs
  A scorpion (D:4)
  2 water moccasin skeletons
  Dowan (D:6)
  7 killer bees
  A howler monkey (D:6)
  3 electric eels (D:9)
  A crimson imp (D:10)
  2 centaur zombies (D:9)
  6 hounds
  2 gnoll shamans
  8 orc priests
  6 jellies
  A bullfrog skeleton (D:4)
  Jessica (D:2)
  An iguana (D:6)
  Terence (D:2)
  6 orc wizards
  A scorpion zombie (D:5)
  A killer bee zombie (D:9)
  A hound skeleton (D:4)
  12 gnolls
  3 adders
  A shadow imp (D:7)
  A white imp (D:7)
  An ufetubus (D:4)
  An adder skeleton (D:2)
  A dart slug (D:3)
  18 orcs
  5 ball pythons
  4 bats
  17 endoplasms
  3 giant cockroaches
  5 goblins
  5 hobgoblins
  4 jackals (D:1)
  2 quokkas
  4 frilled lizards
  12 kobolds
  8 rats
205 creatures vanquished.

Vanquished Creatures (others)
  2 orcs (D:9)
  10 fungi (D:10)
  A plant (D:10)
13 creatures vanquished.

Grand Total: 218 creatures vanquished

Notes
Turn   | Place    | Note
-------+----------+-------------------------------------------
     0 | D:1      | cbfl8 the Minotaur Berserker began the quest for the Orb.
     0 | D:1      | Reached XP level 1. HP: 19/19 MP: 0/0
    74 | D:1      | Found a faded altar of an unknown god.
   165 | D:1      | Reached XP level 2. HP: 27/27 MP: 1/1
   360 | D:1      | Reached skill level 4 in Axes
   797 | D:2      | Reached XP level 3. HP: 31/34 MP: 2/2
  1166 | D:2      | Reached XP level 4. HP: 40/41 MP: 3/3
  1185 | D:2      | Noticed Terence
  1192 | D:2      | Killed Terence
  1472 | D:2      | Noticed Jessica
  1474 | D:2      | Killed Jessica
  1475 | D:2      | Reached skill level 5 in Axes
  1655 | D:3      | Noticed Grinder
  1662 | D:3      | Killed Grinder
  1663 | D:3      | Reached skill level 5 in Fighting
  1663 | D:3      | Reached skill level 6 in Axes
  1663 | D:3      | Reached skill level 1 in Evocations
  1663 | D:3      | Reached XP level 5. HP: 48/48 MP: 4/4
  1663 | D:3      | Reached XP level 6. HP: 56/56 MP: 5/5
  1918 | D:3      | Found Nuejyrph's Weapon Shop.
  1926 | D:3      | Reached ** piety under Trog
  2078 | D:4      | Reached skill level 7 in Axes
  2100 | D:4      | Reached XP level 7. HP: 45/61 MP: 6/6
  2852 | D:5      | Entered Level 5 of the Dungeon
  3184 | D:5      | Found an opulent altar of Gozag.
  3185 | D:5      | Found a sparkling altar of Nemelex Xobeh.
  4002 | D:5      | Reached skill level 8 in Axes
  4091 | D:5      | Found a hazy altar of Hepliaklqana.
  4144 | D:5      | Found a shimmering blue altar of Sif Muna.
  4335 | D:5      | Identified a scroll of acquirement
  4341 | D:5      | Acquired a +3 vorpal broad axe
  4386 | D:6      | Noticed Duvessa
  4386 | D:6      | Noticed Dowan
  4392 | D:6      | Killed Duvessa
  4393 | D:6      | Reached XP level 8. HP: 70/70 MP: 7/7
  4397 | D:6      | Killed Dowan
  4605 | D:6      | Reached skill level 5 in Armour
  4730 | D:6      | Found a runed translucent door.
  4731 | D:6      | Noticed cbfl8's ghost (novice MiBe)
  4815 | D:6      | Found a staircase to the Ecumenical Temple.
  5082 | D:6      | Reached skill level 9 in Axes
  5298 | D:6      | Found Xetyvusk's Distillery.
  5367 | D:6      | Noticed Maggie
  5383 | D:6      | Killed Maggie
  5897 | D:6      | Bought a potion of curing for 33 gold pieces
  5980 | D:7      | Reached XP level 9. HP: 51/78 MP: 8/8
  6137 | D:7      | Reached skill level 10 in Axes
  6243 | D:7      | Noticed Joseph
  6253 | D:7      | Killed Joseph
  8019 | D:8      | Reached skill level 5 in Dodging
  8156 | D:8      | Noticed a troll
  8293 | D:8      | Found a glowing golden altar of the Shining One.
  8382 | D:8      | Killed a troll
  8632 | D:8      | Reached skill level 11 in Axes
  9501 | D:9      | Reached *** piety under Trog
  9625 | D:9      | Found a bloodstained altar of Trog.
 10729 | D:9      | Found a radiant altar of Vehumet.
 10738 | D:9      | Reached XP level 10. HP: 85/88 MP: 9/9
 10969 | D:9      | Found a staircase to the Orcish Mines.
 11257 | D:10     | Entered Level 10 of the Dungeon
 11278 | D:10     | Reached skill level 12 in Axes
 11638 | D:10     | Noticed a gargoyle
 11644 | D:10     | Killed a gargoyle
 11645 | D:10     | Reached skill level 13 in Axes
 11794 | D:10     | Noticed an oklob plant
 11940 | D:10     | Reached skill level 5 in Evocations
 12399 | D:10     | Found a staircase to the Lair.
 12600 | D:10     | Found a burning altar of Makhleb.
 12600 | D:10     | Found a shimmering altar of Xom.
 12707 | D:10     | Killed an oklob plant
 13029 | D:11     | Found Posoan's Antique Armour Shop.
 13043 | D:11     | Found Ynegg's Assorted Antiques.
 13044 | D:11     | Noticed a death knight
 13044 | D:11     | Noticed a phantasmal warrior
 13045 | D:11     | Noticed a skeletal warrior
 13057 | D:11     | Killed a phantasmal warrior
 13058 | D:11     | Reached XP level 11. HP: 83/97 MP: 10/10
 13062 | D:11     | Demolished by a skeletal warrior

Illustrated notes

Levels and vault maps discovered:
D:1:      dpeg_cavernosity, layout_loops_ring,
          hellmonk_ecumenical_altar_lost_god
D:2:      layout_basic, uniq_jessica, uniq_terence
D:3:      layout_basic, serial_shops, nicolae_diamond_shop, uniq_grinder
D:4:      layout_cave_pools, serial_bayou_pond_b, kennysheep_generic_room_9
D:5:      layout_layer_cave, grunt_temple_overflow_opulence,
          lemuel_coloured_pillars_altar, lemuel_tele_altar,
          kennysheep_generic_room_4
D:6:      layout_loops_corners, minmay_temple_entry_mist, serial_shops,
          nicolae_lakefront_shop, gammafunk_ghost_grave, minivault_14,
          uniq_duvessa, uniq_maggie
D:7:      layout_basic, amcnicky_mini_pool_small, nicolae_water_bricks,
          skrybe_limestone_x, lemuel_flame_loot_1, uniq_joseph
D:8:      layout_loops_ring, mainiacjoe_overflow_concentric_impassable
D:9:      layout_basic, trog_ov_bears_minmay, vehumet_crystals, erik_orc_2
D:10:     lemuel_slime, layout_basic, grunt_temple_overflow_champion_of_chaos,
          grunt_lair_entry_orc_guard_hut, minmay_misc_feat_pillars
D:11:     layout_irregular_city, serial_shops, shop, nicolae_square_shop,
          nicolae_take_the_stairs, nicolae_shop_hallway_plus, shop

Skill      XL: |  1  2  3  4  5  6  7  8  9 10 11 |
---------------+----------------------------------+-----
Fighting       | 4 5 6 8 9 |  9.4
Axes           | 4 6 7 8 9 11 13 | 13.9
Armour         | 3 4 6 7 8 |  8.3
Dodging        | 3 4 6 7 |  7.0
Evocations     | 1 2 3 4 5 |  5.1
Stealth        | |  0.6

Action                   |  1- 3 |  4- 6 |  7- 9 | 10-12 || total
-------------------------+-------+-------+-------+-------++-------
Melee: Hand axe          |    47 |    44 |    58 |       ||   149
       Headbutt          |     4 |     9 |    36 |    23 ||    72
       Punch             |     1 |       |     3 |     1 ||     5
       Broad axe         |       |       |   175 |   145 ||   320
Invok: Berserk           |     1 |     3 |     6 |     4 ||    14
       Trog's Hand       |       |       |     1 |       ||     1
Evoke: Wand              |       |       |     2 |     3 ||     5
  Use: Scroll            |       |       |    15 |     1 ||    16
       Potion            |       |       |     2 |     1 ||     3
Armor: Animal skin       |     4 |       |       |       ||     4
       Leather armour    |     2 |       |       |       ||     2
       Ring mail         |       |     2 |       |       ||     2
       Chain mail        |       |    12 |    87 |       ||    99
       Plate armour      |       |       |    73 |    76 ||   149
Dodge: Dodged            |    37 |    17 |   106 |    66 ||   226
